 Dungeon Crawl Stone Soup version 0.25-b1-37-g2669288c55 (webtiles) character file.

Game seed: 6438361154487063508

880 raph the Ruffian (level 7, 0/60 HPs)
             Began as a Troll Warper on June 5, 2020.
             Was a Believer of Hepliaklqana.
             Slain by a two-headed ogre
             ... wielding a +0 giant club
              (28 damage)
             ... on level 6 of the Dungeon.
             The game lasted 00:12:14 (4386 turns).

raph the Ruffian (Troll Warper)                     Turns: 4386, Time: 00:12:14

Health: 0/60       AC:  7    Str: 20    XL:     7   Next: 75%
Magic:  8/8        EV: 11    Int: 10    God:    Hepliaklqana [**....]
Gold:   212        SH:  0    Dex: 10    Spells: 5/9 levels left

rFire    . . .     SeeInvis .   l - +0 giant spiked club (freeze)
rCold    . . .     Gourm    +   (shield currently unavailable)
rNeg     . . .     Faith    .   a - +1 robe
rPois    .         Spirit   .   (helmet restricted)
rElec    .         Reflect  .   (no cloak)
rCorr    .         Harm     .   (gloves unavailable)
MR       .....                  (boots unavailable)
Stlth    +.........             u - amulet of the acrobat
HPRegen  0.60/turn              g - ring of flight
MPRegen  0.11/turn              (no ring)

@: lethally poisoned (0 -> -5)
A: large, unfitting armour, reduced essence, claws 3, fast metabolism 3,
gourmand, regeneration 1, shaggy fur 1, tough skin 3
a: Recall Ancestor, Ancestor Identity, Renounce Religion, Evoke Flight


You were on level 6 of the Dungeon.
You worshipped Hepliaklqana.
Hepliaklqana was pleased with you.
You were very full.

You visited 1 branch of the dungeon, and saw 6 of its levels.

You collected 212 gold pieces.

Inventory:

Hand Weapons
 l - a +0 giant spiked club of freezing (weapon)
 x - a +5 whip
Missiles
 d - 5 boomerangs of dispersal (quivered)
 n - 2 boomerangs
 r - 7 poisoned darts
Armour
 a - a +1 robe (worn)
Jewellery
 g - a ring of flight (left claw)
 u - an amulet of the acrobat (around neck)
Wands
 s - a wand of iceblast (8)
 w - a wand of random effects (14)
Scrolls
 b - a scroll of amnesia
 c - 3 scrolls of blinking
 h - 2 scrolls of remove curse
 j - 3 scrolls of teleportation
Potions
 e - a potion of invisibility
 i - 4 potions of might
 k - a potion of flight
 m - 4 potions of heal wounds
 o - 2 potions of degeneration {unknown}
 p - a potion of cancellation {unknown}
 q - 3 potions of curing
 v - a potion of lignification {unknown}
Comestibles
 f - 11 rations


   Skills:
 + Level 3.5 Fighting
 * Level 0.1 Maces & Flails
 - Level 0.8 Throwing
 + Level 3.7 Dodging
 - Level 5.7 Unarmed Combat
 + Level 1.7 Spellcasting
 + Level 0.1 Charms
 + Level 3.4 Translocations


You had 5 spell levels left.
You knew the following spells:

 Your Spells              Type           Power        Failure   Level  Hunger
a - Blink                 Tloc           N/A          12%         2    ###....
b - Shroud of Golubria    Chrm/Tloc      #.....       24%         2    ###....

Your spell library contained the following spells:

 Spells                   Type           Power        Failure   Level  Hunger
 Gell's Gravitas          Tloc           #.........   24%         3    ####...
 Lesser Beckoning         Tloc           #.........   24%         3    ####...
 Teleport Other           Tloc           #.......     24%         3    ####...
 Magic Dart               Conj           #...         32%         1    ##.....
 Call Imp                 Summ           #.......     43%         2    ###....
 Slow                     Hex            #.......     43%         2    ###....
 Passage of Golubria      Tloc           N/A          61%         4    #####..
 Conjure Flame            Conj/Fire      #.......     67%         3    ####...
 Mephitic Cloud           Conj/Pois/Air  #.......     67%         3    ####...


Dungeon Overview and Level Annotations

Branches:
Dungeon (6/15)             Temple (0/1) D:4

Altars:
Ashenzari
Hepliaklqana
Kikubaaqudgha
Makhleb
Qazlal
Sif Muna
Uskayaw
Vehumet
Xom


Innate Abilities, Weirdness & Mutations

You are too large for most types of armour.
You have claws for hands.
Your metabolism is lightning-fast.
You like to eat raw meat.
Your natural rate of healing is unusually fast.
You are covered in fur. (AC +1)
You have extremely tough skin. (AC +3)
Your life essence is reduced to manifest your ancestor. (-10% HP)


Message History

You closely miss the orc.
You feel very sick.
A bullfrog comes into view.
The orc warrior hits you but does no damage.
The orc barely misses you. The orc warrior barely misses you.
The bullfrog croaks.
You bludgeon the two-headed ogre!! You freeze the two-headed ogre!
The two-headed ogre is heavily wounded.
You feel very sick. The orc warrior closely misses you.
The two-headed ogre closely misses you. The two-headed ogre barely misses you.
The orc warrior hits you with a +0 short sword.
You feel sick.
You feel sick.
You feel sick.
You barely miss the two-headed ogre.
The two-headed ogre is heavily wounded.
You feel very sick.
The two-headed ogre hits you with a +0 giant club!!
You die...

..... /....
...... ...>.#
......####..<...
......o†.5.....
#.##sF†F.....
#..ho###..)..
####o..# ....
#### #O#.#..>?.
.....##@#......
#...........
####.###....
####..# ...?
##<...## .##
#..#### #.## #.#
#.#


You could see a two-headed ogre, an orc warrior (drained), a bullfrog, a
scorpion, 2 orcs and a jackal.

Vanquished Creatures
  Blork the orc (D:4)
  A scorpion (D:5)
  2 crimson imps (D:5)
  A bullfrog zombie (D:5)
  2 orc priests
  2 hounds (D:5)
  Ijyb (D:3)
  2 worker ants
  4 gnolls
  A howler monkey skeleton (D:4)
  5 adders
  A shadow imp (D:5)
  An adder zombie (D:5)
  5 worms
  6 dart slugs
  3 leopard geckos
  10 orcs
  11 bats
  10 giant cockroaches
  19 goblins
  5 hobgoblins
  14 jackals
  2 quokkas
  4 frilled lizards
  5 kobolds
  A quokka zombie (D:5)
  8 rats
127 creatures vanquished.

Vanquished Creatures (collateral kills)
  An ogre (D:4)
  2 orc priests (D:5)
  A hound (D:4)
  2 worker ant zombies (D:5)
  An adder (D:4)
  2 leopard geckos
  2 orcs (D:5)
  A goblin (D:3)
  A jackal (D:6)
13 creatures vanquished.

Vanquished Creatures (others)
  A hexer (D:6)
  An ancestor (D:5)
2 creatures vanquished.

Grand Total: 142 creatures vanquished

Notes
Turn   | Place    | Note
-------+----------+-------------------------------------------
     0 | D:1      | raph the Troll Warper began the quest for the Orb.
     0 | D:1      | Reached XP level 1. HP: 19/19 MP: 1/1
   213 | D:1      | Reached XP level 2. HP: 28/28 MP: 3/3
   431 | D:1      | Learned a level 2 spell: Blink
   538 | D:1      | Reached XP level 3. HP: 35/35 MP: 4/4
  1192 | D:2      | Reached skill level 3 in Unarmed Combat
  1275 | D:2      | Noticed a +0 dagger
  1288 | D:2      | Noticed a +0 hand axe
  1292 | D:2      | Found a hide-covered altar of Uskayaw.
  1394 | D:2      | Reached XP level 4. HP: 42/42 MP: 5/5
  2011 | D:3      | Reached XP level 5. HP: 48/50 MP: 6/6
  2382 | D:3      | Noticed Ijyb
  2394 | D:3      | Killed Ijyb
  2394 | D:3      | Reached skill level 4 in Unarmed Combat
  2663 | D:3      | Found a faded altar of an unknown god.
  2691 | D:3      | Became a worshipper of Hepliaklqana the Forgotten
  2691 | D:3      | Reached * piety under Hepliaklqana
  2865 | D:4      | Noticed an ogre
  2871 | D:4      | Killed an ogre
  2871 | D:4      | Reached XP level 6. HP: 27/53 MP: 7/7
  2988 | D:4      | Found a radiant altar of Vehumet.
  3044 | D:4      | Found a stormy altar of Qazlal.
  3045 | D:4      | Found a hazy altar of Hepliaklqana.
  3066 | D:4      | Found a shimmering altar of Xom.
  3067 | D:4      | Found a shattered altar of Ashenzari.
  3104 | D:4      | Found a staircase to the Ecumenical Temple.
  3351 | D:4      | Noticed Blork the orc
  3359 | D:4      | Found a shimmering blue altar of Sif Muna.
  3366 | D:4      | Killed Blork the orc
  3450 | D:5      | Entered Level 5 of the Dungeon
  3555 | D:4      | Reached XP level 7. HP: 16/60 MP: 8/8
  3651 | D:5      | Reached ** piety under Hepliaklqana
  3652 | D:5      | Remembered your ancestor Octavius as a hexer
  3654 | D:5      | Reached skill level 5 in Unarmed Combat
  3700 | D:5      | Found a burning altar of Makhleb.
  3823 | D:5      | Learned a level 2 spell: Shroud of Golubria
  4188 | D:5      | Found an ancient bone altar of Kikubaaqudgha.
  4377 | D:6      | Noticed a two-headed ogre
  4386 | D:6      | Slain by a two-headed ogre

Illustrated notes

Levels and vault maps discovered:
D:1:      kennysheep_arrival_forest, layout_loops_corners
D:2:      layout_basic, dancing_weapons_uskayaw, minivault_26
D:3:      kennysheep_the_goblin_king, layout_loops_ring,
          chequers_ecumenical_altar_simple_redux
D:4:      layout_cave_pools, gammafunk_temple_overflow_pools,
          nicolae_overflow_hidden_temple, tgw_sif, lemuel_doored_altar,
          minmay_temple_entry_mist, chequers_serial_rivers_small_a
D:5:      layout_basic, lemuel_coloured_pillars_altar, first_ration,
          bloody_makhleb
D:6:      layout_rooms, chequers_decorated_corner, uniq_blork_the_orc,
          uniq_crazy_yiuf_cottage

Skill      XL: |  1  2  3  4  5  6  7 |
---------------+----------------------+-----
Dodging        | 2 3 |  3.7
Fighting       | 2 3 |  3.5
Unarmed Combat | 3 4 5 |  5.7
Translocations | 3 |  3.4
Maces & Flails | |  0.1
Throwing       | |  0.8
Spellcasting   | |  1.7
Charms         | |  0.1

Action                   |  1- 3 |  4- 6 |  7- 9 || total
-------------------------+-------+-------+-------++-------
Melee: Unarmed           |   111 |   208 |    51 ||   370
       Punch             |     1 |     1 |     1 ||     3
       Giant spiked club |       |       |    32 ||    32
 Cast: Blink             |       |     3 |       ||     3
Invok: Ancestor Life: He |       |       |     1 ||     1
       Ancestor Identity |       |       |     1 ||     1
  Use: Scroll            |       |    10 |     4 ||    14
  Eat: Chunk             |    18 |    20 |     7 ||    45
Armor: Robe              |    39 |   112 |    40 ||   191
Dodge: Dodged            |    57 |   160 |    70 ||   287
